 Dungeon Crawl Stone Soup version 0.19.5 (webtiles) character file.

235 Plasmo the Skirmisher (level 6, -3/47 HPs)
             Began as a Human Wanderer on May 14, 2017.
             Slain by mezla's ghost (7 damage)
             ... on level 4 of the Dungeon.
             The game lasted 00:15:10 (3571 turns).

Plasmo the Skirmisher (Human Wanderer)              Turns: 3571, Time: 00:15:12

Health: -3/47      AC:  8    Str: 11    XL:     6   Next: 26%
Magic:  9/9        EV: 12    Int: 17    God:
Gold:   180        SH:  0    Dex: 12    Spells: 0 memorised, 9 levels left

rFire  + . .     SeeInvis .     r - +2 flail (holy)
rCold  . . .     Gourm    .     a - +3 leather armour
rNeg   . . .     Faith    .     (no shield)
rPois  .         Spirit   .     (no helmet)
rElec  .         Reflect  .     (no cloak)
rCorr  .         Harm     .     q - +1 pair of gloves
MR     .....                    (no boots)
Stlth  +.........               (no amulet)
                                (no ring)
                                (no ring)

@: brilliant, flying
A: dopey 1, fire resistance 1, weak 1
a: no special abilities


You were on level 4 of the Dungeon.
You were full.

You visited 1 branch of the dungeon, and saw 4 of its levels.

You collected 180 gold pieces.

Inventory:

Hand Weapons
 g - a +0 flail
 j - a +0 short sword
 m - a +0 long sword
 r - a +2 flail of holy wrath (weapon)
Armour
 a - a +3 leather armour (worn)
 q - a +1 pair of gloves (worn)
Wands
 i - a wand of random effects (18/48)
Scrolls
 c - 2 scrolls of remove curse
Potions
 d - a potion of resistance
 k - a potion of ambrosia
Books
 b - the Tome of Dark Secrets

   Spells                             Type                      Level
   a - Animate Skeleton               Necromancy                   1
   b - Vampiric Draining              Necromancy                   3
Comestibles
 f - 6 bread rations
 l - a beef jerky
 o - 2 meat rations


   Skills:
 * Level 3.0 Fighting
 - Level 1.3 Short Blades
 * Level 1.1 Maces & Flails
   Level 2.0 Polearms
 + Level 1.6 Throwing
 * Level 1.6 Armour
 * Level 2.8 Dodging
 + Level 0.4 Stealth
 * Level 2.1 Spellcasting
   Level 2.0 Transmutations
 * Level 2.2 Evocations


You had 9 spell levels left.
You didn't know any spells.

Dungeon Overview and Level Annotations

Branches:
Dungeon (4/15)
 Temple: D:4-7

Altars:
Ashenzari
Ru
Xom
The Shining One

Annotations:
D:4 mezla's ghost, amateur HOFi


Innate Abilities, Weirdness & Mutations

You are dopey. (Int -2)
Your flesh is heat resistant. (rF+)
You are weak. (Str -2)


Message History

Press: ? - help, Shift-Dir - straight line The bolt of negative energy hits something.
Evoking this partially-identified wand wasted a few charges.
Something hits you!
Evoke which item? (* to show all) (? for menu, Esc to quit)
Zapping:
i - a wand of random effects {zapped: 6} (will waste charges)
Press: ? - help, Shift-Dir - straight line Nothing appears to happen.
Evoking this partially-identified wand wasted a few charges.
Something hits you but does no damage.
You feel much better.
You barely miss something. Something hits you!
You hit something. Something hits you but does no damage.
You barely miss something. Something hits you!
You closely miss something. Something hits you.
* * * LOW HITPOINT WARNING * * *
You barely miss something. Something hits you!
* * * LOW HITPOINT WARNING * * *
You barely miss something. Something hits you!
You die...

PP..###..######
P #..# #..#
#..# #..#
#..#####
#..#...
#..#.######
#..@.......
#..#{######
#...#.#
........
#.#...#(##
#.##.##.# # #.
.# #. .#


There were no monsters in sight!

Vanquished Creatures
  Ijyb (D:2)
  7 gnolls
  2 adders
  3 oozes (D:3)
  3 worms (D:3)
  An adder skeleton (D:3)
  A dart slug (D:2)
  4 leopard geckos
  2 orcs (D:3)
  10 bats
  3 giant cockroaches (D:3)
  3 goblins
  9 hobgoblins
  13 jackals (D:3)
  3 ball pythons
  5 frilled lizards
  A jackal skeleton (D:4)
  10 kobolds
  10 rats
91 creatures vanquished.

Notes
Turn   | Place    | Note
-------+----------+-------------------------------------------
     0 | D:1      | Plasmo the Human Wanderer began the quest for the Orb.
     0 | D:1      | Plasmo set off with: a +2 leather armour, the Tome of Dark Secrets, a potion of lignification, a +0 dagger, a bread ration
     0 | D:1      | Reached XP level 1. HP: 16/16 MP: 2/2
    24 | D:1      | Identified the Tome of Dark Secrets
   231 | D:1      | Reached XP level 2. HP: 21/22 MP: 3/3
   361 | D:1      | Reached skill level 1 in Armour
   678 | D:1      | Reached XP level 3. HP: 25/27 MP: 4/4
   881 | D:2      | Noticed Ijyb
   949 | D:2      | Killed Ijyb
   949 | D:2      | Reached skill level 1 in Short Blades
   949 | D:2      | Reached XP level 4. HP: 31/34 MP: 5/5
  1308 | D:2      | Reached XP level 5. HP: 36/39 MP: 7/7
  1557 | D:2      | Reached skill level 1 in Throwing
  1587 | D:2      | Found a shattered altar of Ashenzari.
  2237 | D:3      | Found a sacrificial altar of Ru.
  2330 | D:3      | Found a shimmering altar of Xom.
  2631 | D:3      | Reached skill level 1 in Maces & Flails
  2654 | D:3      | Reached XP level 6. HP: 14/46 MP: 7/9
  3288 | D:3      | Reached skill level 3 in Fighting
  3320 | D:3      | Found a glowing golden altar of the Shining One.
  3558 | D:4      | Noticed mezla's ghost (amateur HOFi)
  3559 | D:4      | Gained mutation: You are weak. (Str -2) [potion of mutation]
  3559 | D:4      | Gained mutation: Your flesh is heat resistant. (rF+) [potion of mutation]
  3559 | D:4      | Gained mutation: You are dopey. (Int -2) [potion of mutation]
  3571 | D:4      | Slain by mezla's ghost

Skill      XL: |  1  2  3  4  5  6 |
---------------+-------------------+-----
Armour         | 1 |  1.6
Short Blades   | 1 |  1.3
Dodging        | 2 |  2.8
Throwing       | 1 |  1.6
Maces & Flails | 1 |  1.1
Spellcasting   | 2 |  2.1
Fighting       | 3 |  3.0
Polearms       | |  2.0
Stealth        | |  0.4
Transmutations | |  2.0
Evocations     | |  2.2

Action                   |  1- 3 |  4- 6 || total
-------------------------+-------+-------++-------
Melee: Dagger            |    64 |       ||    64
       Short sword       |    96 |    38 ||   134
       Flail             |       |   249 ||   249
Evoke: Wand              |       |     3 ||     3
  Use: Scroll            |     3 |     9 ||    12
       Potion            |     1 |     7 ||     8
 Stab: Sleeping          |       |     2 ||     2
  Eat: Chunk             |       |     7 ||     7
       Meat ration       |       |     1 ||     1
       Pizza             |       |     1 ||     1
Armor: Leather armour    |    29 |   159 ||   188
       Skin              |    27 |       ||    27
Dodge: Dodged            |    70 |   221 ||   291
